[Event "IIFL Wealth  4th Mumbai Junior U-13"]
[Site "Mumbai"]
[Date "2019.01.07"]
[Round "9"]
[White "Abhinav Dubey"]
[Black "Rout Yashita"]
[Result "0-1"]
[ECO "C96"]
[WhiteElo "1497"]
[BlackElo "1264"]
[Annotator "NA RC"]
[PlyCount "130"]
[EventDate "2018.12.30"]
[EventType "swiss"]
[EventCountry "IND"]
[SourceTitle "playchess.com"]
[Source "ChessBase"]
[SourceQuality "1"]
[TimeControl "40/5400+30:1800+30"]

1. e4 e5 2. Nf3 Nc6 3. Bb5 a6 4. Ba4 Nf6 5. O-O Be7 6. Re1 b5 7. Bb3 d6 8. c3 O-O 9. h3 Na5 10. Bc2 c5 11. d4 Nd7 12. d5 Nb6 13. Nbd2 f5 14. Nf1 f4 15. a4 Bd7 16. axb5 axb5 17. b3 Kh8 18. N3h2 Qe8 19. Bb2 g5 20. Nd2 Qg6 21. Bd3 Nb7 22. Be2 Rxa1 23. Bxa1 Ra8 24. Qc2 Nxd5 25. c4 Nb4 26. Qb1 Qe8 27. Ndf3 Bf6 28. Ng4 Bxg4 29. hxg4 bxc4 30. Bxc4 Na5 31. Be2 Rb8 32. Qd1 Qe7 33. Nd2 d5 34. exd5 Nxd5 35. Ne4 Rd8 36. Qc2 Bg7 37. Qxc5 Qxc5 38. Nxc5 Rc8 39. Rc1 Nb7 40. Bf3 Rxc5 41. Rxc5 Nxc5 42. Bxd5 e4 43. Bxg7+ Kxg7 44. b4 Nd3 45. b5 e3 46. fxe3 fxe3 47. Kf1 e2+ 48. Kxe2 Nf4+ 49. Ke3 Nxd5+ 50. Kd4 Nb6 51. Kc5 Na4+ 52. Kb4 Nb6 53. Kc5 Nc8 54. Kc6 Na7+ 55. Kb6 Nxb5 56. Kxb5 Kf6 57. Kc6 Ke5 58. Kd7 Kf4 59. Ke6 Kxg4 60. Kf6 Kh4 61. Kf5 h5 62. Kg6 Kg4 63. Kh6 h4 64. Kg6 Kf4 65. Kh5 Kf5 0-1

[Event "IIFL Wealth  4th Mumbai Junior U-13"]
[Site "Mumbai"]
[Date "2019.01.07"]
[Round "9"]
[White "Marium Fatima"]
[Black "Gosrani, Reeyan"]
[Result "1/2-1/2"]
[ECO "D02"]
[WhiteElo "1494"]
[BlackElo "1190"]
[Annotator "NA RC"]
[PlyCount "116"]
[EventDate "2018.12.30"]
[EventType "swiss"]
[EventCountry "IND"]
[SourceTitle "playchess.com"]
[Source "ChessBase"]
[SourceQuality "1"]
[TimeControl "40/5400+30:1800+30"]

1. d4 d5 2. Nf3 Nf6 3. g3 g6 4. Bg2 Bg7 5. O-O O-O 6. Nbd2 Nc6 7. b3 Re8 8. Bb2 Bd7 9. c4 e6 10. Rc1 Rc8 11. Qc2 Nb4 12. Qb1 Bh6 13. a3 Nc6 14. e3 Ne7 15. Ne5 c6 16. Rfd1 Nh5 17. Nef3 f5 18. Ne5 Nf6 19. Qd3 Ne4 20. f3 Nxd2 21. Rxd2 Kf8 22. Rf1 Ng8 23. Re2 Nf6 24. e4 Kg8 25. a4 a5 26. Rfe1 Qc7 27. Bc1 Bxc1 28. Rxc1 Qd8 29. Qe3 Qe7 30. g4 fxg4 31. fxg4 Rf8 32. Qh6 Be8 33. exd5 cxd5 34. Rce1 Qg7 35. Qd2 b6 36. g5 Nh5 37. cxd5 Nf4 38. Rf2 Nxd5 39. Bxd5 exd5 40. Rxf8+ Qxf8 41. Rf1 Qe7 42. Rf6 Qc7 43. Nd3 b5 44. Qf2 Qe7 45. Nc5 bxa4 46. bxa4 Rc6 47. Qf4 Qe1+ 48. Qf1 Qe3+ 49. Kh1 Qxd4 50. Rf8+ Kg7 51. Rxe8 Qxc5 52. Rd8 Qe7 53. Qa1+ Kf7 54. Qf1+ Kg7 55. Qa1+ Kf7 56. Qf1+ Kg7 57. Qa1+ Kf7 58. Qf1+ Kg7 1/2-1/2

[Event "IIFL Wealth  4th Mumbai Junior U-13"]
[Site "Mumbai"]
[Date "2019.01.07"]
[Round "9"]
[White "Arjun Sidharth S"]
[Black "Kadam Om Manish"]
[Result "0-1"]
[ECO "A46"]
[WhiteElo "1489"]
[BlackElo "1944"]
[Annotator "NA RC"]
[PlyCount "56"]
[EventDate "2018.12.30"]
[EventType "swiss"]
[EventCountry "IND"]
[SourceTitle "playchess.com"]
[Source "ChessBase"]
[SourceQuality "1"]
[TimeControl "40/5400+30:1800+30"]

1. d4 Nf6 2. Nf3 e6 3. e3 c5 4. c3 b6 5. Bd3 Bb7 6. Nbd2 d5 7. O-O Bd6 8. Qc2 {[%emt 0:00:18] D05: Colle System with ...e6} (8. Qe2 O-O 9. e4 dxe4 10. Nxe4 Nxe4 11. Bxe4 Bxe4 12. Qxe4 Nd7 13. Bg5 Qc7 14. Rad1 Rae8 15. dxc5 Nxc5 {½-½ (30) Nouri,H (2363)-Swayams,M (2491) New Delhi 2017}) 8... O-O 9. Qb1 Nbd7 10. e4 cxd4 11. cxd4 e5 $146 ({Predecessor:} 11... dxe4 12. Nxe4 Nxe4 13. Bxe4 Bxe4 14. Qxe4 Nf6 {0-1 (22) Agaoglu,A (1851)-Onem,C (1927) Canakkale 2015}) 12. dxe5 ({White should play} 12. b3 $15) 12... Nxe5 13. Nxe5 Bxe5 14. Nf3 dxe4 15. Nxe5 exd3 16. Bd2 Re8 17. Bc3 Qd5 18. Nf3 Ne4 19. Rd1 Nxc3 20. bxc3 Rad8 21. Qb4 $2 (21. Rd2) 21... Re4 22. Qb3 Qc6 23. Re1 d2 24. Rxe4 Qxe4 25. Rd1 Qe2 26. c4 Bxf3 27. gxf3 Rd6 28. c5 Rg6+ $19 0-1

[Event "IIFL Wealth  4th Mumbai Junior U-13"]
[Site "Mumbai"]
[Date "2019.01.07"]
[Round "9"]
[White "Raghu Ram Reddy Seelam"]
[Black "Tejes Suresh Kumar"]
[Result "0-1"]
[ECO "C54"]
[WhiteElo "1472"]
[BlackElo "1618"]
[Annotator "NA RC"]
[PlyCount "90"]
[EventDate "2018.12.30"]
[EventType "swiss"]
[EventCountry "IND"]
[SourceTitle "playchess.com"]
[Source "ChessBase"]
[SourceQuality "1"]
[TimeControl "40/5400+30:1800+30"]

1. e4 e5 2. Nf3 Nc6 3. Bc4 Bc5 4. c3 Nf6 5. d3 O-O 6. O-O d5 7. exd5 Nxd5 8. Re1 Bg4 9. h3 Bh5 10. Nbd2 Nb6 11. Qe2 Nxc4 12. Nxc4 Re8 13. b4 Bf8 14. Ne3 f6 15. Rd1 Qd7 16. Bb2 Rad8 17. Nf1 Bg6 18. Ne1 Qf7 19. Ng3 Rd7 20. a3 Nd8 21. Rd2 Ne6 22. Rad1 Nf4 23. Qe3 a5 24. Ne2 Nd5 25. Qa7 axb4 26. axb4 b6 27. Qa3 f5 28. Qb3 b5 29. Qc2 c6 30. Qc1 e4 31. Ng3 e3 32. Re2 f4 33. Nf1 Bh5 34. f3 Ne7 35. Nc2 Nf5 36. Nd4 Nh4 37. Nh2 Qg6 38. Kh1 Nf5 39. Nxf5 Qxf5 40. d4 Bf7 41. Qb1 Qg5 42. Bc1 Bc4 43. Ree1 h5 44. Qb2 e2 45. Rd2 Qg3 0-1

[Event "IIFL Wealth  4th Mumbai Junior U-13"]
[Site "Mumbai"]
[Date "2019.01.07"]
[Round "9"]
[White "Adireddy Arjun"]
[Black "Pingale Shivraj"]
[Result "1/2-1/2"]
[ECO "C00"]
[WhiteElo "1468"]
[BlackElo "1580"]
[Annotator "NA RC"]
[PlyCount "75"]
[EventDate "2018.12.30"]
[EventType "swiss"]
[EventCountry "IND"]
[SourceTitle "playchess.com"]
[Source "ChessBase"]
[SourceQuality "1"]
[TimeControl "40/5400+30:1800+30"]

1. e4 e6 2. d4 d5 3. Bd3 c5 4. exd5 exd5 5. Nf3 Nf6 6. O-O Be7 7. dxc5 O-O 8. Be3 Bg4 9. Nbd2 Nc6 10. c3 Ne5 11. Be2 Nxf3+ 12. Nxf3 Ne4 13. h3 Bh5 14. Qd3 Bxc5 15. Rad1 Bxe3 16. Qxe3 Nf6 17. Qf4 Qb6 18. Qb4 Qxb4 19. cxb4 Rac8 20. g4 Bg6 21. Rc1 Rfd8 22. Nd4 Ne4 23. Rfd1 f6 24. Kg2 Nd6 25. f3 Bf7 26. b3 Kf8 27. Rc5 b6 28. Rcc1 Rxc1 29. Rxc1 Rc8 30. Rxc8+ Nxc8 31. Ba6 Ne7 32. Bb5 Be8 33. Ne6+ Kf7 34. Nd8+ Kf8 35. Ne6+ Kf7 36. Nd8+ Kf8 37. Ne6+ Kf7 38. Nd8+ 1/2-1/2

[Event "IIFL Wealth  4th Mumbai Junior U-13"]
[Site "Mumbai"]
[Date "2019.01.07"]
[Round "9"]
[White "Sairaj Dilip Vernekar"]
[Black "Shreyas Ghadi"]
[Result "1/2-1/2"]
[ECO "C00"]
[WhiteElo "1445"]
[BlackElo "1653"]
[Annotator "NA RC"]
[PlyCount "121"]
[EventDate "2018.12.30"]
[EventType "swiss"]
[EventCountry "IND"]
[SourceTitle "playchess.com"]
[Source "ChessBase"]
[SourceQuality "1"]
[TimeControl "40/5400+30:1800+30"]

1. e4 e6 2. d4 d5 3. Bd3 Nf6 4. e5 Nfd7 5. Nf3 c5 6. c3 Nc6 7. Be3 cxd4 8. cxd4 f6 9. exf6 Nxf6 10. O-O Bd6 11. Nc3 O-O 12. Ng5 Bd7 13. f4 h6 14. Nf3 Ng4 15. Bd2 Nf6 16. Ne2 Qb6 17. Bc3 Rae8 18. Kh1 a6 19. h3 Ne7 20. Ne5 Bb5 21. g4 Bxd3 22. Qxd3 Bxe5 23. dxe5 Ne4 24. Bd4 Qd8 25. Ng3 Nc6 26. Rad1 Nxd4 27. Nxe4 dxe4 28. Qxd4 Qxd4 29. Rxd4 Rc8 30. Rxe4 Rc2 31. f5 Rxb2 32. Ref4 Re2 33. Rb1 b5 34. a4 Rxe5 35. axb5 axb5 36. Rfb4 exf5 37. Rxb5 Rxb5 38. Rxb5 fxg4 39. hxg4 Rf4 40. g5 hxg5 41. Rxg5 Kf7 42. Kg2 Kf6 43. Ra5 g5 44. Kg3 Kg6 45. Ra6+ Kh5 46. Ra8 Rb4 47. Rh8+ Kg6 48. Rg8+ Kf6 49. Rf8+ Kg7 50. Ra8 Rb6 51. Kg4 Kh6 52. Rh8+ Kg6 53. Rg8+ Kh6 54. Rh8+ Kg6 55. Rg8+ Kf6 56. Rxg5 Rb4+ 57. Kh5 Rb1 58. Rg6+ Kf5 59. Rg5+ Kf6 60. Rg6+ Kf7 61. Ra6 1/2-1/2

[Event "IIFL Wealth  4th Mumbai Junior U-13"]
[Site "Mumbai"]
[Date "2019.01.07"]
[Round "9"]
[White "Athalye Varad"]
[Black "Savitha Shri B"]
[Result "0-1"]
[ECO "B44"]
[WhiteElo "1442"]
[BlackElo "1894"]
[Annotator "NA RC"]
[PlyCount "82"]
[EventDate "2018.12.30"]
[EventType "swiss"]
[EventCountry "IND"]
[SourceTitle "playchess.com"]
[Source "ChessBase"]
[SourceQuality "1"]
[TimeControl "40/5400+30:1800+30"]

1. e4 c5 2. Nf3 Nc6 3. d4 cxd4 4. Nxd4 e6 5. c4 Nf6 6. Nc3 Bb4 7. Nxc6 bxc6 8. Qc2 Qc7 {[%emt 0:03:59] B44: Sicilian: Taimanov: 5 Nb5} (8... e5 9. Bd3 Be7 10. O-O d6 11. b3 O-O 12. Bb2 Be6 13. Na4 Qc7 14. Rae1 Nd7 15. Be2 Rad8 16. Bf3 Nb6 17. Nc3 Nd7 18. Na4 Nb6 19. Nc3 Nd7 {½-½ (19) Galic,I (2416)-Sebenik,M (2570) Biograd 2018}) 9. Bd2 $146 ({Predecessor:} 9. Bd3 O-O 10. O-O Ng4 11. g3 Ne5 12. a3 Nxd3 13. Qxd3 Be7 14. Bf4 e5 15. Be3 d6 16. f4 {½-½ (37) Krueger,G (2034)-Straub,P (2096) Berlin 2015}) 9... a5 10. Be2 O-O 11. O-O d5 12. exd5 exd5 13. Bg5 Bxc3 14. Qxc3 Ne4 15. Qc1 Ba6 16. Re1 Qb6 17. Be3 Qd8 18. cxd5 Bxe2 19. Rxe2 cxd5 20. f3 Rc8 21. Qd1 Nf6 22. Rd2 Re8 23. Bg5 h6 24. Bxf6 Qxf6 25. b3 Rcd8 26. Rd4 Re3 27. Qd2 {[%emt 0:02:23] [#]} Rde8 (27... Re2 $1 $19 28. Qc3 (28. Qxe2 Qxd4+) 28... Rde8) 28. Rd1 Re2 29. Qc1 Qg6 30. Rg4 Qb6+ 31. Rgd4 Rxa2 32. Kh1 Ree2 33. Qc8+ Kh7 34. Qg4 Qe6 35. Qg3 Rab2 ({Don't take} 35... Rxg2 36. Qxg2 Rxg2 37. Kxg2 $17) 36. Rxd5 $2 {[%emt 0:00:37] [#]} (36. h3) 36... Qxd5 $19 {[%emt 0:00:40] Double Attack} 37. Rg1 Qg5 38. Qd6 Rxg2 39. Qd3+ g6 40. Qxg6+ Qxg6 41. b4 Rxh2# 0-1

[Event "IIFL Wealth  4th Mumbai Junior U-13"]
[Site "Mumbai"]
[Date "2019.01.07"]
[Round "9"]
[White "Arjun Kumar S"]
[Black "Haldankar Dhruv"]
[Result "1/2-1/2"]
[ECO "C44"]
[WhiteElo "1428"]
[BlackElo "1245"]
[Annotator "NA RC"]
[PlyCount "85"]
[EventDate "2018.12.30"]
[EventType "swiss"]
[EventCountry "IND"]
[SourceTitle "playchess.com"]
[Source "ChessBase"]
[SourceQuality "1"]
[TimeControl "40/5400+30:1800+30"]

1. e4 e5 2. Nf3 Nc6 3. d4 exd4 4. Bc4 Bc5 5. Ng5 Nh6 6. Qh5 Qe7 7. Nxf7 Bb4+ 8. c3 Nxf7 9. cxb4 Qxb4+ 10. Nd2 Nce5 11. Bxf7+ Nxf7 12. a3 Qe7 13. O-O O-O 14. b4 d6 15. Bb2 c5 16. Rac1 b6 17. f4 Ba6 18. Rfe1 Qf6 19. g3 Rfe8 20. e5 dxe5 21. Ne4 Qg6 22. Qxg6 hxg6 23. bxc5 exf4 24. Bxd4 fxg3 25. hxg3 Rad8 26. cxb6 axb6 27. Bxb6 Ra8 28. Bc5 Ne5 29. Ng5 Nd3 30. Rxe8+ Rxe8 31. Rc3 Re5 32. Bd4 Rxg5 33. Rc7 Ne5 34. Kf2 Nf7 35. Ra7 Ra5 36. Ra8+ Kh7 37. Ra7 Kg8 38. Ra8+ Kh7 39. Ra7 Kg8 40. Ra8+ Kh7 41. Ra7 Kg8 42. Ra8+ Kh7 43. Ra7 1/2-1/2

[Event "IIFL Wealth  4th Mumbai Junior U-13"]
[Site "Mumbai"]
[Date "2019.01.07"]
[Round "9"]
[White "Abhyuday Santhosh"]
[Black "Ananya Parikh"]
[Result "1-0"]
[ECO "D36"]
[WhiteElo "1409"]
[BlackElo "1235"]
[Annotator "NA RC"]
[PlyCount "127"]
[EventDate "2018.12.30"]
[EventType "swiss"]
[EventCountry "IND"]
[SourceTitle "playchess.com"]
[Source "ChessBase"]
[SourceQuality "1"]
[TimeControl "40/5400+30:1800+30"]

1. d4 Nf6 2. c4 e6 3. Nc3 d5 4. cxd5 exd5 5. Bg5 c6 6. Qc2 Be7 7. e3 Nbd7 8. Bd3 h6 9. Bh4 Nh5 10. Bxe7 Qxe7 11. O-O-O Nhf6 12. Nf3 Nb6 13. Kb1 Be6 14. h3 O-O-O 15. Na4 Nxa4 16. Qxa4 Kb8 17. Ne5 Nd7 18. Nf3 Nb6 19. Qb3 f6 20. Nd2 Qd7 21. Qc2 Rhe8 22. Nb3 Na4 23. Rc1 Rc8 24. g4 Rf8 25. Qd2 Nb6 26. Nc5 Qd6 27. Nxe6 Qxe6 28. Bf5 Qe7 29. Bxc8 Rxc8 30. Qd3 Nc4 31. Rc3 Ka8 32. Rhc1 Qb4 33. Qe2 a5 34. h4 Qb5 35. R1c2 a4 36. Rxc4 dxc4 37. Rxc4 Kb8 38. Qc2 a3 39. Qb3 Qxb3 40. axb3 axb2 41. Kxb2 Re8 42. Rc3 h5 43. gxh5 Re4 44. f4 Kc7 45. Kc2 b6 46. Kd3 Re8 47. Rc2 Kb7 48. Rg2 Re7 49. h6 gxh6 50. Rg6 f5 51. Rxh6 Rd7 52. Rf6 Rh7 53. Rxf5 Rxh4 54. Rf7+ Kc8 55. f5 c5 56. f6 cxd4 57. exd4 Rh3+ 58. Kc4 b5+ 59. Kb4 Rh4 60. Kc5 Kd8 61. Rb7 Rf4 62. f7 Kc8 63. Re7 Kd8 64. Re8+ 1-0

[Event "IIFL Wealth  4th Mumbai Junior U-13"]
[Site "Mumbai"]
[Date "2019.01.07"]
[Round "9"]
[White "Daakshin Arun"]
[Black "Riddhika Kotia"]
[Result "1-0"]
[ECO "D52"]
[WhiteElo "1400"]
[BlackElo "1213"]
[Annotator "NA RC"]
[PlyCount "113"]
[EventDate "2018.12.30"]
[EventType "swiss"]
[EventCountry "IND"]
[SourceTitle "playchess.com"]
[Source "ChessBase"]
[SourceQuality "1"]
[TimeControl "40/5400+30:1800+30"]

1. d4 d5 2. c4 e6 3. Nc3 Nf6 4. Bg5 Nbd7 5. Nf3 c6 6. e3 Qa5 7. Bh4 Bb4 8. Qb3 O-O 9. a3 Ne4 10. Qxb4 Qxb4 11. axb4 Nxc3 12. bxc3 Re8 13. cxd5 exd5 14. Bd3 h6 15. Bf5 Nb6 16. Bxc8 Nxc8 17. O-O Nd6 18. Bg3 Ne4 19. Rfc1 Nxg3 20. hxg3 a6 21. Ne5 f6 22. Nd3 Kf7 23. Nc5 Rab8 24. Nd7 Rbd8 25. Nc5 Re7 26. Kf1 g5 27. Ke2 b6 28. Nxa6 Ra8 29. b5 Rea7 30. Rab1 cxb5 31. Nb4 Ke6 32. Rh1 Rh7 33. Ra1 Rc8 34. Kd3 Kd6 35. g4 Rd8 36. Ra6 Rb8 37. Rh5 Ke6 38. g3 Kd6 39. Rh1 Ke6 40. Re1 Rd7 41. f3 Kd6 42. e4 dxe4+ 43. fxe4 Ke6 44. d5+ Kd6 45. Rf1 Rf7 46. Kd4 Rbb7 47. Nc6 Kd7 48. e5 Rf8 49. e6+ Kd6 50. e7 Re8 51. Rxf6+ Kd7 52. Ke5 Rxe7+ 53. Nxe7 Kxe7 54. d6+ Kd8 55. Ra8+ Kd7 56. Kd5 b4 57. Rf7# 1-0

[Event "IIFL Wealth  4th Mumbai Junior U-13"]
[Site "Mumbai"]
[Date "2019.01.07"]
[Round "9"]
[White "Renganayaki V"]
[Black "Arhan Chethan Anand"]
[Result "1/2-1/2"]
[ECO "D47"]
[WhiteElo "1376"]
[BlackElo "1710"]
[Annotator "NA RC"]
[PlyCount "145"]
[EventDate "2018.12.30"]
[EventType "swiss"]
[EventCountry "IND"]
[SourceTitle "playchess.com"]
[Source "ChessBase"]
[SourceQuality "1"]
[TimeControl "40/5400+30:1800+30"]

1. d4 d5 2. c4 e6 3. Nc3 c6 4. e3 Nf6 5. Nf3 Nbd7 6. Bd3 dxc4 7. Bxc4 Be7 8. O-O O-O 9. Re1 b5 10. Bd3 Bb7 11. e4 a6 12. Bg5 h6 13. Bf4 Re8 14. e5 Nd5 15. Nxd5 cxd5 16. Bd2 Qb6 17. Rc1 Rec8 18. Qe2 Nf8 19. Rxc8 Rxc8 20. Rc1 Rxc1+ 21. Bxc1 Qc7 22. Qc2 Qxc2 23. Bxc2 Nd7 24. b3 Bd8 25. Kf1 Bc7 26. Ke2 f6 27. exf6 Nxf6 28. Ne5 Kf8 29. Ba3+ Kg8 30. Ng6 Nd7 31. f4 a5 32. g3 b4 33. Bb2 Kf7 34. Ne5+ Bxe5 35. fxe5 Ba6+ 36. Ke3 Nb6 37. a3 bxa3 38. Bxa3 a4 39. Bc5 axb3 40. Bxb3 Nd7 41. Bd6 Bb5 42. Bb4 Nb8 43. Bc5 Nc6 44. Kd2 Na5 45. Kc3 Nxb3 46. Kxb3 Kg6 47. Kc3 Kf5 48. Kd2 Kg4 49. Ke3 g5 50. Kf2 Kh3 51. Kg1 Bd3 52. Bb6 g4 53. Bc5 Bc4 54. Bb6 Bb5 55. Ba7 Ba6 56. Bb6 Bb5 57. Bc5 Be2 58. Bb6 Ba6 59. Bc5 Bd3 60. Bb6 Be4 61. Bc5 Bf3 62. Bb6 Bg2 63. Bc5 Be4 64. Bb6 Bb1 65. Bc5 Ba2 66. Bb6 Bc4 67. Bc5 Ba6 68. Ba7 Bd3 69. Bc5 h5 70. Be7 Bc4 71. Bf6 Bd3 72. Be7 Be4 73. Bf6 1/2-1/2

[Event "IIFL Wealth  4th Mumbai Junior U-13"]
[Site "Mumbai"]
[Date "2019.01.07"]
[Round "9"]
[White "Vaval Aaditi"]
[Black "Mahajan Ayush"]
[Result "1/2-1/2"]
[ECO "C54"]
[WhiteElo "1367"]
[BlackElo "1629"]
[Annotator "NA RC"]
[PlyCount "141"]
[EventDate "2018.12.30"]
[EventType "swiss"]
[EventCountry "IND"]
[SourceTitle "playchess.com"]
[Source "ChessBase"]
[SourceQuality "1"]
[TimeControl "40/5400+30:1800+30"]

1. e4 e5 2. d4 exd4 3. Nf3 Nc6 4. Bc4 Bc5 5. c3 Nf6 6. e5 d5 7. Bb5 Ne4 8. Nxd4 O-O 9. Bxc6 bxc6 10. O-O Ba6 11. Re1 f6 12. e6 Re8 13. f3 Ng5 14. Bxg5 fxg5 15. Kh1 Bxd4 16. Qxd4 Qf6 17. Qa4 Rxe6 18. Nd2 Bb5 19. Qg4 Rae8 20. Red1 Qe5 21. h3 Qf4 22. Qxf4 gxf4 23. Nb3 Re2 24. Rab1 Ba4 25. Rd4 Bxb3 26. axb3 g5 27. Ra4 Ra8 28. Ra6 Re6 29. Rba1 Kf7 30. Rxa7 Re1+ 31. Rxe1 Rxa7 32. Kg1 h6 33. b4 Ra2 34. Re2 Ra1+ 35. Kf2 Rh1 36. Rd2 h5 37. Re2 Rd1 38. Rc2 Rd3 39. Ke2 Re3+ 40. Kf2 Kf6 41. Rd2 Kf5 42. b5 cxb5 43. Rxd5+ Re5 44. Rd7 c5 45. Rb7 c4 46. Rb6 Rd5 47. Ke2 g4 48. hxg4+ hxg4 49. Rb8 Re5+ 50. Kd2 gxf3 51. gxf3 Kg5 52. Rg8+ Kh6 53. Rg4 Rf5 54. Kc2 Kh5 55. b3 cxb3+ 56. Kxb3 Kh6 57. Kb4 Kh5 58. Rg8 Kh4 59. Rg4+ Kh5 60. c4 bxc4 61. Kxc4 Kh6 62. Kd4 Kh5 63. Ke4 Ra5 64. Rxf4 Ra1 65. Rf8 Re1+ 66. Kf5 Kh4 67. f4 Kg3 68. Rg8+ Kf3 69. Rh8 Rf1 70. Rh3+ Kg2 71. Ra3 1/2-1/2

[Event "IIFL Wealth  4th Mumbai Junior U-13"]
[Site "Mumbai"]
[Date "2019.01.07"]
[Round "9"]
[White "Swara Lakshmi S Nair"]
[Black "Kinkhabwala Hrithik"]
[Result "1-0"]
[ECO "C45"]
[WhiteElo "1359"]
[BlackElo "1244"]
[Annotator "NA RC"]
[PlyCount "88"]
[EventDate "2018.12.30"]
[EventType "swiss"]
[EventCountry "IND"]
[SourceTitle "playchess.com"]
[Source "ChessBase"]
[SourceQuality "1"]
[TimeControl "40/5400+30:1800+30"]

1. e4 e5 2. Nf3 Nc6 3. d4 exd4 4. Nxd4 Bc5 5. Nb3 Bb6 6. Nc3 Nf6 7. Bg5 d6 8. Qe2 O-O 9. O-O-O h6 10. Bh4 Be6 11. Kb1 a5 12. a4 Re8 13. f3 Ne5 14. Bf2 Bxb3 15. cxb3 Ra6 16. g4 Bxf2 17. Qxf2 Rb6 18. Ka2 Qe7 19. Bb5 Nc6 20. h4 Nb4+ 21. Kb1 Nd7 22. g5 h5 23. f4 g6 24. f5 c6 25. Bc4 Kh7 26. Rhf1 Nc5 27. fxg6+ fxg6 28. Rxd6 Nxe4 29. Qf7+ Kh8 30. Qxe7 Nxc3+ 31. bxc3 Rxe7 32. Rxg6 Nd5 33. Bxd5 cxd5 34. Rxb6 Kg7 35. Rb5 Re4 36. Rxb7+ Kg8 37. Rd1 Rxh4 38. Rxd5 Rf4 39. Rd8+ Rf8 40. Rxf8+ Kxf8 41. Rh7 h4 42. c4 h3 43. c5 h2 44. c6 h1=Q+ {[%emt 0:00:00] Rh5 Qh2 Rxh2 Ke8 [%clk 0:34:06] Rh7 [%clk 0:45:20] Kd8 [%clk 0:34:27] g6 [%clk 0:45:31] Kc8 [%clk 0:34:50] Rd7 [%clk 0:45:49] Kb8 [%clk 0:35:14] g7 [%clk 0:46:11] Ka8 [%clk 0:35:41] g8=Q# [%clk 0:46:29]} 1-0

[Event "IIFL Wealth  4th Mumbai Junior U-13"]
[Site "Mumbai"]
[Date "2019.01.07"]
[Round "9"]
[White "Jadhav Jyotiraditya"]
[Black "Warsia, Khusbu"]
[Result "1-0"]
[ECO "D50"]
[WhiteElo "1358"]
[BlackElo "1107"]
[Annotator "NA RC"]
[PlyCount "135"]
[EventDate "2018.12.30"]
[EventType "swiss"]
[EventCountry "IND"]
[SourceTitle "playchess.com"]
[Source "ChessBase"]
[SourceQuality "1"]
[TimeControl "40/5400+30:1800+30"]

1. d4 Nf6 2. c4 e6 3. Nc3 d5 4. Bg5 Bb4 5. Nf3 Nc6 6. e3 O-O 7. cxd5 exd5 8. Bd3 h6 9. Bh4 Be6 10. O-O a6 11. Rc1 Be7 12. a3 Nd7 13. Bxe7 Qxe7 14. Re1 Nb6 15. Qc2 Qf6 16. Kh1 Rad8 17. Nb1 Bd7 18. Nbd2 a5 19. Nb3 Na4 20. Bb5 Nb4 21. axb4 Bxb5 22. bxa5 c6 23. Nbd2 Qd6 24. b3 Qb4 25. bxa4 Bxa4 26. Qc5 Qxc5 27. dxc5 Ra8 28. Rb1 Bb5 29. Nd4 Rxa5 30. N2b3 Ra4 31. Nxb5 cxb5 32. Red1 Rd8 33. Nd4 Ra2 34. Kg1 Ra5 35. Nxb5 Kf8 36. Nd6 Rd7 37. Nxb7 Ra7 38. c6 Rc7 39. Rxd5 Rxc6 40. g3 Rc7 41. Nc5 Ke7 42. Nd3 Rd7 43. Rxd7+ Rxd7 44. Ne1 Ke6 45. Kf1 Ke5 46. Ke2 f5 47. Nd3+ Kf6 48. Rb6+ Ke7 49. Rb5 g6 50. Rb6 Rd6 51. Rxd6 Kxd6 52. Kf3 g5 53. g4 Ke6 54. gxf5+ Kxf5 55. e4+ Ke6 56. Kg4 Kf6 57. Kh5 Kg7 58. e5 Kf7 59. Kxh6 Ke7 60. Kxg5 Ke6 61. h4 Kf7 62. h5 Ke7 63. h6 Kf7 64. f4 Kg8 65. Kg6 Kh8 66. e6 Kg8 67. e7 Kh8 68. e8=R# 1-0

[Event "IIFL Wealth  4th Mumbai Junior U-13"]
[Site "Mumbai"]
[Date "2019.01.07"]
[Round "9"]
[White "Khairmode Aditya"]
[Black "Medhansh Rathi"]
[Result "0-1"]
[ECO "C51"]
[WhiteElo "1337"]
[BlackElo "1194"]
[Annotator "NA RC"]
[PlyCount "141"]
[EventDate "2018.12.30"]
[EventType "swiss"]
[EventCountry "IND"]
[SourceTitle "playchess.com"]
[Source "ChessBase"]
[SourceQuality "1"]
[TimeControl "40/5400+30:1800+30"]

1. e4 e5 2. Nf3 Nc6 3. Bc4 Bc5 4. b4 Bxb4 5. c3 Be7 6. d4 exd4 7. Qb3 Na5 8. Bxf7+ Kf8 9. Qa4 Kxf7 10. Qxa5 d6 11. cxd4 c6 12. Qa4 Be6 13. O-O Qd7 14. Nc3 h6 15. Qc2 Rf8 16. Re1 Ke8 17. e5 Bf5 18. Qa4 d5 19. Qxa7 Qc8 20. Ba3 Bxa3 21. Qxa3 Ne7 22. Rac1 Qd7 23. Qd6 Nc8 24. Qxd7+ Kxd7 25. e6+ Ke7 26. Nh4 Bh7 27. Na4 Rf6 28. Nc5 Nd6 29. Rc3 g5 30. Nf3 Ne4 31. Rb3 Nxc5 32. dxc5 Rb8 33. Nd4 Rff8 34. Re2 Bf5 35. Reb2 Bxe6 36. Re2 Kd7 37. Nxe6 Rfe8 38. Nd4 Rxe2 39. Nxe2 Ke6 40. f3 Ke5 41. Kf2 d4 42. Rb4 Kd5 43. Rxd4+ Kxc5 44. Ke3 Re8+ 45. Re4 Ra8 46. a4 b5 47. axb5 cxb5 48. Kd3 Rd8+ 49. Kc3 Rd1 50. Re6 b4+ 51. Kc2 Rd6 52. Rxd6 Kxd6 53. Kb3 Ke5 54. Kxb4 Kf5 55. Kc4 g4 56. Kd4 h5 57. Ng3+ Kg5 58. Ke5 gxf3 59. gxf3 Kh4 60. f4 Kh3 61. f5 h4 62. Nf1 Kg2 63. f6 Kxf1 64. f7 Kg2 65. f8=Q Kxh2 66. Qf2+ Kh3 67. Qf3+ Kh2 68. Kf4 h3 69. Kg4 Kg1 70. Kg3 h2 71. Qg2# 0-1

[Event "IIFL Wealth  4th Mumbai Junior U-13"]
[Site "Mumbai"]
[Date "2019.01.07"]
[Round "9"]
[White "Tikam Aradhya"]
[Black "Sureka Akshat"]
[Result "1/2-1/2"]
[ECO "C42"]
[WhiteElo "1332"]
[BlackElo "1078"]
[Annotator "NA RC"]
[PlyCount "161"]
[EventDate "2018.12.30"]
[EventType "swiss"]
[EventCountry "IND"]
[SourceTitle "playchess.com"]
[Source "ChessBase"]
[SourceQuality "1"]
[TimeControl "40/5400+30:1800+30"]

1. e4 e5 2. Nf3 Nf6 3. d3 Nc6 4. Nc3 Be7 5. Be2 O-O 6. O-O d6 7. Re1 h6 8. h3 Re8 9. Bf1 Bf8 10. Ne2 g6 11. Ng3 Bg7 12. c4 Bd7 13. Be3 b6 14. Qd2 Kh7 15. b4 a6 16. Rec1 Ne7 17. c5 bxc5 18. bxc5 d5 19. Nxe5 Nxe4 20. Nxe4 Bxe5 21. d4 Bg7 22. Nc3 c6 23. Na4 Ra7 24. Rab1 Nf5 25. Rb6 Nxe3 26. fxe3 Qg5 27. Rxa6 Rxa6 28. Bxa6 Qxe3+ 29. Qxe3 Rxe3 30. Rd1 Ra3 31. Nb6 Rxa6 32. Nxd7 Rxa2 33. Nb8 Ra8 34. Nxc6 Rc8 35. Ne7 Rc7 36. Nxd5 Rd7 37. c6 Rxd5 38. c7 Bxd4+ 39. Rxd4 Rc5 40. Rd7 Kg7 41. Kf2 Rc3 42. Ke2 Kf6 43. Kd2 Rc6 44. Ke3 Ke6 45. c8=Q Rxc8 46. Ra7 Rc2 47. Kf3 Rd2 48. Ra6+ Rd6 49. Ra7 Rd3+ 50. Kf2 Kf6 51. Ke2 Rg3 52. Kf2 Rg5 53. Ra6+ Kg7 54. Ra7 Rf5+ 55. Kg3 g5 56. h4 Kg6 57. hxg5 Kxg5 58. Kh2 Kg4 59. Ra4+ Rf4 60. Ra3 h5 61. Rg3+ Kf5 62. Ra3 Kg6 63. Ra6+ f6 64. Ra5 Re4 65. Kg3 Re5 66. Ra8 Re7 67. Ra5 f5 68. Kf3 Kg5 69. Ra8 Re6 70. Rg8+ Rg6 71. Ra8 h4 72. Rh8 Rh6 73. Rg8+ Kf6 74. Rf8+ Ke6 75. Ra8 Rg6 76. Ra6+ Kf7 77. Ra7+ Kf6 78. Ra6+ Kg5 79. Ra8 Rf6 80. Rg8+ Rg6 81. Rf8 1/2-1/2